 Dungeon Crawl Stone Soup version 0.31.0-4-g52a2dc7128 (webtiles) character file.

Game seed: 2263803658330656709

202190 Warped the Champion of Chaos (level 19, -4/229 HPs)
             Began as a Formicid Fighter on Jan 20, 2024.
             Was the Champion of Makhleb.
             Slain by a merfolk impaler
             ... wielding a +2 demon trident of electrocution
              (11 damage)
             ... on level 4 of the Shoals on Jan 22, 2024.
             The game lasted 01:06:04 (27150 turns).

Warped the Champion of Chaos (Formicid Fighter)    Turns: 27150, Time: 01:06:04

Health: -4/229     AC: 29    Str: 37    XL:     19   Next: 27%
Magic:  41/41      EV:  2    Int:  9    God:    Makhleb [******]
Gold:   1549       SH:  0    Dex: 19    Spells: 18/18 levels left

rFire   . . .        a - +9 lajatang (speed)
rCold   . . .        S - +2 kite shield
rNeg    . . .        f - melded +16 plate armour of Peoreli {Rampage rC+ Dex+6}
rPois   +            (helmet unavailable)
rElec   .            R - melded +2 cloak
rCorr   .            F - melded +2 pair of gloves
SInv    .            (boots currently unavailable)
Will    +....        g - amulet of reflection
Stlth   +            i - +6 ring of strength
HPRegen 0.58/turn    T - ring of Life {^Contam MP+9 Str+7 Dex+2}
MPRegen 0.27/turn

%: reflection
@: confused, tree-form, ambrosia-drunk, attractive, studying Invocations
A: stationary, stasis, torment immunity, boosted hp, permanent stasis, dig
shafts and tunnels, (antennae 3), four strong arms
}: 1/15 runes: barnacled
a: Renounce Religion, Minor Destruction, Lesser Servant of Makhleb, Major
Destruction, Greater Servant of Makhleb


You were on level 4 of the Shoals.
You worshipped Makhleb.
Makhleb was exalted by your worship.
You were a tree.
You visited 7 branches of the dungeon, and saw 29 of its levels.
You also visited: Sewer and Bailey.

You collected 3194 gold pieces.
You spent 1645 gold pieces at shops.

Inventory:

Hand Weapons
 a - a +9 lajatang of speed (weapon)
 b - a +2 vampiric demon trident
 p - a +2 halberd of flaming
 K - a +0 trishula of holy wrath
 Y - the +10 arbalest of the Secret Ziggurats {flame, rN+}
   (You found it on level 4 of the Shoals)

   rN+:       It protects you from negative energy.
Missiles
 h - 82 poisoned darts (quivered)
 v - 10 silver javelins
 I - 3 throwing nets
 N - a curare-tipped dart
Armour
 f - the +16 plate armour of Peoreli (melded) {Rampage rC+ Dex+6}
   (You found it on level 4 of the Lair of Beasts)

   Dex+6:     It affects your dexterity (+6).
   rC+:       It protects you from cold.
   Rampage:   It bestows one free step when moving towards enemies.
 F - a +2 pair of gloves (melded)
 R - a +2 cloak (melded)
 S - a +2 kite shield (worn)
Jewellery
 g - an amulet of reflection (around neck)
 i - a +6 ring of strength (left branch)
 j - the ring "Etoecooh" {Int+6 Dex+3}
   (You found it on level 4 of the Shoals)

   [ring of intelligence]

   Int+6:     It affects your intelligence (+6).
   Dex+3:     It affects your dexterity (+3).
 k - a ring of wizardry
 A - a ring of flight
 O - a ring of willpower
 T - the ring of Life (right branch) {^Contam MP+9 Str+7 Dex+2}
   (You bought it in a shop on level 2 of the Orcish Mines)

   [ring of magical power]

   Str+7:     It affects your strength (+7).
   Dex+2:     It affects your dexterity (+2).
   MP+9:      It affects your magic capacity (+9).
   ^Contam:   It causes magical contamination when unequipped.
Wands
 n - a wand of paralysis (16)
 x - a wand of flame (14)
 G - a wand of polymorph (36)
 P - a wand of iceblast (10)
Scrolls
 d - 2 scrolls of revelation
 l - 2 scrolls of noise
 m - 3 scrolls of enchant armour
 w - 2 scrolls of brand weapon
 y - 4 scrolls of fear
 z - 5 scrolls of immolation
 C - 4 scrolls of fog
 H - 3 scrolls of vulnerability
 J - 2 scrolls of amnesia
 Q - 2 scrolls of poison
 V - 2 scrolls of enchant weapon
 Z - 7 scrolls of identify
Potions
 q - 5 potions of enlightenment
 r - 4 potions of haste
 s - a potion of berserk rage
 t - 3 potions of brilliance
 u - 8 potions of mutation
 E - 4 potions of attraction
 L - 2 potions of lignification
 M - 2 potions of resistance
 X - 2 potions of cancellation
Miscellaneous
 B - a phantom mirror
 U - a lightning rod (4/4)
 W - a phial of floods


   Skills:
 + Level 14.3 Fighting
 - Level 16.5 Staves
 + Level 14.5 Armour
 + Level 14.7 Dodging
 - Level 11.8 Shields
 + Level 18.0 Invocations
 - Level 5.6 Evocations


You had 18 spell levels left.
You didn't know any spells.
Your spell library contained the following spells:

 Spells                   Type           Power      Damage    Failure   Level
 Apportation              Tloc           0%         N/A       50%         1
 Kiss of Death            Conj/Necr      0%         2d5       50%         1
 Necrotise                Necr           0%         1d4       50%         1
 Summon Small Mammal      Summ           0%         N/A       50%         1
 Jinxbite                 Hex            0%         N/A       65%         2
 Call Canine Familiar     Summ           0%         N/A       86%         3
 Confusing Touch          Hex            0%         N/A       86%         3
 Dazzling Flash           Conj/Hex       0%         N/A       86%         3
 Frozen Ramparts          Ice            0%         1d1       86%         3
 Mephitic Cloud           Conj/Alch/Air  0%         N/A       86%         3
 Vampiric Draining        Necr           0%         2d6       86%         3
 Airstrike                Air            0%         2d(0-16)  99%         4
 Anguish                  Hex/Necr       0%         N/A       99%         4
 Animate Dead             Necr           0%         N/A       99%         4
 Dispel Undead            Necr           0%         3d6       99%         4
 Leda's Liquefaction      Alch/Erth      0%         N/A       99%         4
 Martyr's Knell           Necr/Summ      0%         N/A       99%         4
 Petrify                  Alch/Erth      0%         N/A       99%         4
 Summon Blazeheart Golem  Fire/Summ      0%         N/A       99%         4
 Alistair's Intoxication  Alch           0%         N/A       100%        5
 Arcjolt                  Conj/Air       0%         1d10      100%        5
 Borgnjor's Vile Clutch   Necr/Erth      0%         N/A       100%        5
 Curse of Agony           Necr           0%         N/A       100%        5
 Lee's Rapid Deconstruct  Erth           0%         3d4*      100%        5
 Metabolic Englaciation   Hex/Ice        0%         N/A       100%        5
 Silence                  Hex/Air        0%         N/A       100%        5
 Summon Forest            Summ/Tloc      0%         N/A       100%        5
 Summon Mana Viper        Hex/Summ       0%         N/A       100%        5
 Yara's Violent Unravell  Hex/Alch       0%         3d3       100%        5
 Bombard                  Conj/Erth      0%         9d1       100%        6
 Conjure Ball Lightning   Conj/Air       0%         3x3d6     100%        6
 Death Channel            Necr           0%         N/A       100%        6
 Plasma Beam              Fire/Air       0%         2x1d10    100%        6
 Summon Cactus Giant      Summ           0%         N/A       100%        6
 Enfeeble                 Hex            0%         N/A       100%        7
 Orb of Destruction       Conj           0%         9d5       100%        7
 Spellforged Servitor     Conj/Summ      0%         N/A       100%        7
 Maxwell's Capacitive Co  Air            0%         ∞         100%        8
 Vhi's Electric Charge    Tloc/Air       Unusable   N/A       N/A         4

Dungeon Overview and Level Annotations

Branches:
Dungeon (15/15)            Temple (1/1) D:4            Lair (5/5) D:11
 Shoals (4/4) Lair:2       Spider (0/4) Lair:3        Slime (1/5) Lair:5
    Orc (2/2) D:12            Elf (1/3) Orc:2        Vaults (0/5) D:13
 Depths (0/4) D:15          Sewer (visited)          Bailey (visited)

Altars:
Ashenzari
Cheibriados
Dithmenos
Elyvilon
Fedhas
Gozag
Hepliaklqana
Kikubaaqudgha
Makhleb
Nemelex Xobeh
Okawaru
Qazlal
Ru
Sif Muna
Trog
Uskayaw
Vehumet
Wu Jian
Xom
Yredelemnul
Zin
The Shining One
Jiyva

Shops:
D:5 ?   D:7 ?   D:13 [   Orc:2 [**=   Shoals:3 (!(

Annotations:
Shoals:3 Donald
Orc:1 6 transporters


Innate Abilities, Weirdness & Mutations

You are a tree.
Your roots penetrate the ground, keeping you stationary.
You cannot be teleported.
You are immune to unholy pain and torment.
Your maximum health is greatly increased.
Your equipment is partially melded.
You cannot be hasted, slowed, berserked, paralysed or teleported.
You can dig through walls and to a lower floor.
((You have a pair of large antennae on your head. (SInv)))
Your four strong arms can wield two-handed weapons with a shield.


Message History

Aim: a merfolk impaler, wielding a +2 trident of freezing and wearing a +0 robe (almost dead, covered in acid, 48% to hit)
The bolt of acid hits the merfolk javelineer!!
The merfolk javelineer seems to be corroded for longer.
You kill the merfolk javelineer!
Makhleb accepts your kill.
The bolt of acid hits the merfolk javelineer!!
The merfolk javelineer is severely wounded.
The bolt of acid hits the merfolk impaler!!
The merfolk impaler seems to be corroded for longer.
You kill the merfolk impaler!
Makhleb accepts your kill.
You feel better.
The now-empty wand crumbles to dust.
Unknown command.
Unknown command.
You are confused.
You feel invigorated.
Unknown command.
Unknown command.
You are too confused!
You feel attractive to monsters.
The merfolk javelineer throws a javelin.
The javelin pierces through you but does no damage.
The merfolk javelineer is attracted toward you.
The merfolk impaler is attracted toward you.
The manticore is attracted toward you.
Unknown command.
Unknown command.
You cannot move. (Use ctrl+direction or * direction to attack while stationary and confused.) Unknown command.
Unknown command.
You cannot move. (Use ctrl+direction or * direction to attack while stationary and confused.) Unknown command.
Unknown command.
You slice the merfolk javelineer!!
The merfolk javelineer is almost dead.
You swing at nothing.
The merfolk impaler hits you from afar with a +2 demon trident of electrocution!
* * * LOW HITPOINT WARNING * * *
You are electrocuted!
You die...

≈≈≈≈≈≈≈≈≈≈≈≈≈≈≈
≈≈≈≈≈≈≈≈≈≈≈≈≈≈≈≈≈
~≈≈≈≈≈≈≈≈≈≈≈≈≈≈≈≈ ####
~~~≈≈≈≈≈≈≈≈≈≈≈≈≈≈≈≈≈≈
#...###..~~~≈≈≈≈≈≈≈≈≈≈≈≈≈≈
......##~~.~.~~~≈≈≈≈≈≈≈≈≈≈
,#8.=.#~~..~~.~~~.~≈≈≈≈≈≈
{##..§H##......~~~~~.≈≈≈≈≈
#_..)mmm♣.......~~~≈≈≈≈.~
##...m##..P...~P.~~≈≈≈~~~
,,#8...#......P..~~≈≈≈..~~
#{......##..).....P.~≈≈≈~...
###m..###.........~~≈≈≈~PP..
#### ............~≈≈≈~~P.P
...........P~≈≈≈~.~...
.P......†#.~~≈≈≈~.....
......##.~≈≈≈~.~.P..


You could see 3 merfolk impalers, a merfolk javelineer (corroded) and a
manticore.

Vanquished Creatures
  Nikola (Shoals:2)
  Rupert (D:13)
  Jorgrun (Shoals:3)
  Polyphemus (Shoals:2)
  Kirke (D:12)
  An orc warlord (Bailey)
  An angel (Shoals:4)
  A very ugly thing (D:15)
  A dire elephant (Lair:5)
  6 merfolk javelineers
  15 merfolk impalers
  Fannar (D:12)
  3 hydras
  A rakshasa (D:15)
  A great orb of eyes (D:15)
  Erolcha (D:11)
  3 catoblepae
  3 merfolk avatars
  2 alligator snapping turtles
  8 centaur warriors
  3 merfolk aquamancers
  6 boulder beetles
  2 satyrs (Shoals:3)
  3 ogre magi
  12 two-headed ogres
  An occultist (D:12)
  11 death yaks
  Urug (D:13)
  A tengu warrior (D:13)
  A soul eater (D:10)
  A sun demon (D:10)
  2 hell knights (D:14)
  5 skysharks
  A sixfirhy (D:10)
  11 sea snakes
  An iron troll (Orc:2)
  10 skeletal warriors
  A spectral death yak (Lair:5)
  Lodul (D:12)
  4 cherubim (Shoals:4)
  A spectral anaconda (Lair:5)
  A deep troll (Orc:2)
  An obsidian statue (Lair:5)
  Pikel (D:5)
  5 harpies (Shoals:4)
  A lindwurm (Lair:1)
  3 deep elf zephyrmancers
  3 necromancers (Lair:5)
  2 orc knights
  7 deep elf pyromancers
  12 fauns
  20 ugly things
  8 cyclopes
  4 orc sorcerers
  A wolf spider (D:15)
  13 manticores
  3 elephants (Lair:5)
  3 naga magi (D:14)
  5 black mambas
  6 water nymphs
  2 rust devils (D:10)
  6 orange demons
  3 torpor snails
  9 merfolk sirens
  4 smoke demons
  Maggie (D:8)
  10 cane toads
  4 efreet (D:14)
  8 komodo dragons
  A rime drake (shapeshifter) (D:11)
  6 rime drakes
  3 unseen horrors
  9 kobold demonologists
  4 freezing wraiths
  2 ice devils (D:10)
  Psyche (D:8)
  3 tengu conjurers
  A red devil (D:10)
  33 merfolk
  8 hellwings
  3 wind drakes
  15 trolls
  A queen bee (shapeshifter) (D:14)
  A hornet (D:9)
  3 polar bears
  A raiju (D:14)
  A spectral elephant (Lair:5)
  A snapping turtle (shapeshifter) (D:15)
  23 blink frogs
  6 dream sheep
  8 slime creatures
  3 shadows
  3 vampires
  9 snapping turtles
  12 water elementals
  4 wyverns
  77 yaks
  4 ynoxinuls
  A hog (D:12)
  3 wraiths
  6 basilisks
  2 wargs
  3 death yak simulacra (Lair:5)
  16 humans (D:13)
  A yak (shapeshifter) (D:13)
  3 redbacks (D:14)
  4 vampire mosquitoes
  2 spectral cane toads (Lair:5)
  2 steam dragons
  3 acid dragons
  18 water moccasins
  A swamp worm (D:9)
  20 orc warriors
  A black bear (D:6)
  2 elephant zombies (Lair:5)
  2 sky beasts
  34 ogres
  18 centaurs
  15 wolves
  A centaur (shapeshifter) (D:14)
  A lemure (D:5)
  An elephant skeleton (Lair:5)
  8 kobold brigands
  12 bullfrogs
  5 gnoll sergeants
  A cane toad simulacrum (Lair:5)
  6 scorpions
  12 wights
  2 elephant simulacra (Lair:5)
  3 killer bees (D:9)
  2 electric eels (Lair:1)
  5 howler monkeys
  3 quasits (D:10)
  7 hounds
  13 orc priests
  A jelly (D:6)
  A gnoll bouda (D:6)
  3 hell rats
  4 iguanas
  14 orc wizards
  32 gnolls
  13 adders
  11 river rats
  A shadow imp (D:6)
  A white imp (D:5)
  4 ufetubi
  2 dart slugs
  6 ribbon worms
  78 orcs
  6 ball pythons
  13 bats
  5 endoplasms
  4 giant cockroaches
  17 goblins
  8 hobgoblins
  6 jackals
  31 kobolds
  5 quokkas
  2 frilled lizards
  15 rats
1046 creatures vanquished.

Vanquished Creatures (others)
  Nessos (Lair:5)
  A merfolk aquamancer (Shoals:4)
  3 fauns
  A merfolk (Shoals:2)
  A dream sheep (Lair:5)
  3 humans (D:12)
  A kobold (D:10)
11 creatures vanquished.

Grand Total: 1057 creatures vanquished

Notes
Turn   | Place    | Note
-------+----------+-------------------------------------------
     0 | D:1      | Warped the Formicid Fighter began the quest for the Orb.
     0 | D:1      | Reached XP level 1. HP: 18/18 MP: 1/1
    85 | D:1      | Reached XP level 2. HP: 16/24 MP: 2/2
   433 | D:1      | Reached XP level 3. HP: 29/29 MP: 3/3
   766 | D:2      | Reached XP level 4. HP: 30/33 MP: 4/4
  1142 | D:2      | Reached skill level 1 in Dodging
  1158 | D:2      | Reached XP level 5. HP: 31/42 MP: 5/5
  1938 | D:3      | Reached XP level 6. HP: 44/48 MP: 6/6
  2364 | D:4      | Reached skill level 5 in Staves
  2364 | D:4      | Reached XP level 7. HP: 51/54 MP: 7/7
  2391 | D:4      | Found a staircase to the Ecumenical Temple.
  2407 | Temple   | Entered the Ecumenical Temple
  2431 | Temple   | Became a worshipper of Makhleb the Destroyer
  2571 | D:4      | Reached skill level 5 in Armour
  3042 | D:5      | Entered Level 5 of the Dungeon
  3086 | D:5      | Reached XP level 8. HP: 49/60 MP: 8/8
  3164 | D:5      | Found a white marble altar of Elyvilon.
  3182 | D:5      | Found a stormy altar of Qazlal.
  3203 | D:5      | Noticed Pikel
  3213 | D:5      | Killed Pikel
  3213 | D:5      | Reached * piety under Makhleb
  3282 | D:5      | Found Zapsixt's Magic Scroll Shoppe.
  3437 | D:6      | Found a shadowy altar of Dithmenos.
  3516 | D:6      | Reached XP level 9. HP: 65/65 MP: 9/9
  3975 | D:6      | Found a glowing drain.
  3979 | Sewer    | Entered a sewer
  4043 | Sewer    | Reached skill level 10 in Staves
  4368 | Sewer    | Reached ** piety under Makhleb
  4737 | D:7      | Found a sacrificial altar of Ru.
  4804 | D:7      | Identified the +1 chain mail of Geyrch {Int+3}
  5077 | D:7      | Reached XP level 10. HP: 61/71 MP: 10/10
  5083 | D:7      | Reached *** piety under Makhleb
  5203 | D:7      | Found a flagged portal.
  5221 | Bailey   | Entered a bailey
  5226 | Bailey   | Noticed an orc warlord
  5335 | Bailey   | Found a runed translucent gate.
  5347 | Bailey   | Found a runed translucent gate.
  5348 | Bailey   | Found a runed translucent gate.
  5476 | Bailey   | Killed an orc warlord
  5541 | Bailey   | Reached XP level 11. HP: 77/77 MP: 11/11
  5651 | D:7      | Found Zyci's Magic Scroll Shop.
  5692 | D:7      | Identified the +1 robe "Ronueni" {Harm rF+ rC- Dex+2}
  5920 | D:8      | Reached skill level 1 in Invocations
  5955 | D:8      | Reached **** piety under Makhleb
  5974 | D:8      | Noticed Psyche
  5983 | D:8      | Killed Psyche
  5984 | D:8      | Reached skill level 2 in Invocations
  6173 | D:8      | Noticed Maggie
  6180 | D:8      | Killed Maggie
  6231 | D:8      | Found an ornate altar of the Wu Jian Council.
  6411 | D:8      | Reached skill level 3 in Invocations
  6596 | D:9      | Found a sparkling altar of Nemelex Xobeh.
  6887 | D:9      | Noticed a two-headed ogre
  6896 | D:9      | a two-headed ogre changed into a swamp worm
  6908 | D:9      | Reached skill level 4 in Invocations
  7261 | D:9      | Reached XP level 12. HP: 78/83 MP: 15/15
  7304 | D:9      | Identified the +8 short sword "Plog" {heavy, rF++ Will+}
  7756 | D:9      | Identified a scroll of acquirement
  7756 | D:9      | Acquired a +5 lajatang of speed
  8072 | D:10     | Entered Level 10 of the Dungeon
  8288 | D:10     | Reached skill level 5 in Invocations
  8503 | D:10     | Found an iron altar of Okawaru.
  8659 | D:10     | Noticed a sixfirhy
  8664 | D:10     | Killed a sixfirhy
  8665 | D:10     | Reached skill level 15 in Staves
  8746 | D:10     | Noticed a sun demon
  8747 | D:10     | Noticed a soul eater
  8757 | D:10     | Killed a sun demon
  8758 | D:10     | Reached skill level 6 in Invocations
  8765 | D:10     | Killed a soul eater
  8783 | D:10     | Reached ***** piety under Makhleb
  9161 | D:10     | Reached skill level 7 in Invocations
  9483 | D:11     | Noticed a centaur warrior
  9607 | D:11     | Noticed Erolcha
  9617 | D:11     | Killed Erolcha
  9858 | D:11     | Reached XP level 13. HP: 71/88 MP: 18/18
  9956 | D:11     | Reached skill level 8 in Invocations
 10545 | D:11     | Found a staircase to the Lair.
 10822 | D:11     | Killed a centaur warrior
 10823 | D:11     | Reached skill level 5 in Shields
 11147 | Lair:1   | Entered Level 1 of the Lair of Beasts
 11227 | Lair:1   | Reached skill level 9 in Invocations
 11359 | Lair:1   | Reached skill level 5 in Fighting
 11374 | Lair:1   | Reached ****** piety under Makhleb
 11989 | Lair:1   | Reached skill level 10 in Dodging
 12138 | Lair:1   | Noticed a catoblepas
 12158 | Lair:1   | Found a runed translucent door.
 12357 | Lair:1   | Upgraded the game from 0.31.0-2-g5a2aebc5c2 to
                  | 0.31.0-4-g52a2dc7128
 12411 | Lair:2   | Found a hide-covered altar of Uskayaw.
 12411 | Lair:2   | Found an ornate altar of the Wu Jian Council.
 12541 | Lair:2   | Reached XP level 14. HP: 52/100 MP: 21/21
 12563 | Lair:2   | Reached skill level 10 in Invocations
 12728 | Lair:2   | Found a staircase to the Shoals.
 14248 | Lair:3   | Reached skill level 11 in Invocations
 14471 | Lair:3   | Found a hole to the Spider Nest.
 14941 | Lair:4   | Identified the +16 plate armour of Peoreli {Rampage rC+
                  | Dex+6}
 15153 | Lair:4   | Reached XP level 15. HP: 110/110 MP: 23/23
 15536 | Lair:5   | Entered Level 5 of the Lair of Beasts
 15720 | Lair:5   | Noticed Nessos
 15748 | Lair:5   | Killed Nessos
 15872 | Lair:5   | Reached skill level 10 in Shields
 15913 | Lair:5   | Found a viscous altar of Jiyva.
 15949 | Lair:5   | Found a staircase to the Slime Pits.
 16354 | Lair:5   | Reached skill level 12 in Invocations
 16764 | Slime:1  | Entered Level 1 of the Pits of Slime
 17299 | D:12     | Noticed Kirke
 17309 | D:12     | Noticed Fannar
 17311 | D:12     | Killed Kirke
 17330 | D:12     | Killed Fannar
 17412 | D:12     | Reached skill level 10 in Armour
 17491 | D:12     | Got Sif Muna's Directory of Sand
 17687 | D:12     | Noticed Lodul
 17703 | D:12     | Killed Lodul
 17704 | D:12     | Reached XP level 16. HP: 110/122 MP: 25/25
 17736 | D:12     | Got the Anthology of Combed Thunderclap
 17743 | D:12     | Got Kikubaaqudgha's Folio of Axaxaxas mlö
 17787 | D:12     | Found a staircase to the Orcish Mines.
 17997 | D:13     | Found a gate to the Vaults.
 17997 | D:13     | Noticed Urug
 18034 | D:13     | Reached skill level 10 in Fighting
 18063 | D:13     | Killed Urug
 18184 | D:13     | Noticed Rupert
 18208 | D:13     | Killed Rupert
 18372 | D:13     | Found Nimenunu's Antique Armour Shoppe.
 18388 | D:13     | Bought a pair of runed gloves for 210 gold pieces
 18446 | D:13     | Reached skill level 13 in Invocations
 19022 | D:14     | Reached skill level 1 in Evocations
 19459 | D:14     | Found a burning altar of Makhleb.
 20117 | D:14     | Noticed an Executioner
 20300 | D:15     | Entered Level 15 of the Dungeon
 20347 | D:14     | Reached XP level 17. HP: 89/131 MP: 27/27
 20659 | D:15     | Reached skill level 14 in Invocations
 20685 | D:15     | Identified the maw talisman of Sunlight {rCorr}
 20910 | D:15     | Reached skill level 5 in Evocations
 20997 | D:15     | Found a staircase to the Depths.
 21203 | Orc:1    | Entered Level 1 of the Orcish Mines
 21319 | Orc:1    | Found a transporter.
 21323 | Orc:1    | Found a transporter.
 21323 | Orc:1    | Found a transporter.
 21324 | Orc:1    | Found a sparkling altar of Nemelex Xobeh.
 21324 | Orc:1    | Noticed a juggernaut
 21329 | Orc:1    | Found a transporter.
 21329 | Orc:1    | Found a transporter.
 21338 | Orc:1    | Found a transporter.
 21950 | Lair:1   | Identified the ring "Yriopit" {Wiz rC+ Str-4 Dex+3}
 22144 | Orc:2    | Entered Level 2 of the Orcish Mines
 22144 | Orc:2    | Found a staircase to the Elven Halls.
 22381 | Orc:2    | Found Iqouzeh's Jewellery Emporium.
 22544 | Orc:2    | Found Ryff's General Store.
 22554 | Orc:2    | Found Yminet's Assorted Antiques.
 22555 | Orc:2    | Found Zuuviatutt's Armour Emporium.
 22801 | Orc:2    | Acquired 680 gold pieces
 23133 | D:5      | Bought a scroll of acquirement for 624 gold pieces
 23133 | D:5      | Acquired a manual of Invocations
 23351 | Orc:2    | Bought the ring of Life {^Contam MP+9 Str+7 Dex+2} for 685
                  | gold pieces
 23410 | Elf:1    | Entered Level 1 of the Elven Halls
 23601 | Shoals:1 | Entered Level 1 of the Shoals
 24110 | Shoals:1 | Reached XP level 18. HP: 142/142 MP: 29/29
 24258 | Shoals:2 | Noticed Polyphemus
 24258 | Shoals:2 | Noticed Nikola
 24272 | Shoals:2 | Reached skill level 15 in Invocations
 24302 | Shoals:2 | Killed Polyphemus
 24326 | Shoals:2 | Killed Nikola
 24773 | Shoals:2 | Reached skill level 16 in Invocations
 25016 | Shoals:3 | Noticed Jorgrun
 25284 | Shoals:3 | Found Ycwer's Antique Weapon Boutique.
 25368 | Shoals:3 | Killed Jorgrun
 25778 | Shoals:3 | Noticed Donald
 25795 | Shoals:3 | Found Vooraj's Antique Weapon Shop.
 25797 | Shoals:3 | Identified the +4 dagger of Dithmenos's Wrath {spect,
                  | Dex+2}
 25853 | Shoals:3 | Found Latax's Distillery.
 25873 | Shoals:3 | Bought a potion of curing for 42 gold pieces
 25873 | Shoals:3 | Bought 2 potions of curing for 84 gold pieces
 26241 | Shoals:4 | Entered Level 4 of the Shoals
 26317 | Shoals:4 | Reached skill level 17 in Invocations
 26377 | Shoals:4 | Found a white marble altar of Elyvilon.
 26467 | Shoals:4 | Identified the ring "Etoecooh" {Int+6 Dex+3}
 26634 | Shoals:4 | Reached XP level 19. HP: 152/152 MP: 31/31
 26672 | Shoals:4 | Found a glowing golden altar of the Shining One.
 26874 | Shoals:4 | Identified the +10 arbalest of the Secret Ziggurats {flame,
                  | rN+}
 26879 | Shoals:4 | Got a barnacled rune of Zot
 27090 | Shoals:4 | Found a glowing silver altar of Zin.
 27121 | Shoals:4 | Reached skill level 18 in Invocations
 27130 | Shoals:4 | HP: 3/152 [barbs]
 27141 | Shoals:4 | HP: 10/228 [merfolk javelineer/silver javelin (4)]
 27145 | Shoals:4 | HP: 2/228 [merfolk javelineer/silver javelin (3)]
 27150 | Shoals:4 | HP: 7/229 [merfolk impaler/+2 demon trident of
                  | electrocution (17)]
 27150 | Shoals:4 | Slain by a merfolk impaler

Illustrated notes

Levels and vault maps discovered:
D:1:      erik_arrival_triangle_small, layout_rooms, minmay_small_reverse_x
D:2:      layout_loops_ring, guppyfry_early_orc_mine
D:3:      layout_basic, serial_bayou_ford_a
D:4:      old_forge, layout_basic, minmay_temple_entry_statues_pillars
D:5:      layout_gridville, mainiacjoe_overflow_catwalk_spiral, serial_shops,
          nicolae_shop_rolled_up, uniq_pikel
D:6:      layout_basic, mainiacjoe_overflow_six_doors_small,
          mainiacjoe_sewer_entry_somewhere_in_here_2, nicolae_grassy_gnolls
D:7:      layout_basic, kennysheep_mini_moat, enter_bailey_3, serial_shops, shop
D:8:      layout_basic, mainiacjoe_overflow_small_starburst, serial_glass,
          glass_columns_b, glass_columns_b, glass_columns_a, glass_columns_a,
          glass_columns_c, uniq_psyche, uniq_maggie
D:9:      layout_loops_corners, nemelex_xobeh_ov_fountains_minmay,
          lemuel_flame_loot_1
D:10:     layout_gridville, mainiacjoe_overflow_alcove_4, serial_demonic,
          serial_demonic_b, serial_demonic_g, serial_demonic_e,
          serial_demonic_d, serial_demonic_e, serial_demonic_d, serial_demonic_f
D:11:     layout_layer_cave, erik_lair_island, special_room [special_room_orc],
          uniq_erolcha
D:12:     layout_loops_ring, orc_0_dummy, bh_hangedman_babel_library,
          uniq_kirke, uniq_fannar, uniq_lodul
D:13:     layout_long_grid, david_vaults_3, serial_shops,
          nicolae_shop_hallway_stairs, uniq_rupert
D:14:     regret_index_makhleb_lecture_halls, layout_irregular_city,
          minmay_misc_feat_columns
D:15:     gammafunk_enter_depths_forms, layout_cross, minmay_misc_feat_room
Temple:   eino_wide_crystal_templ
Lair:1:   gammafunk_lair_enchanted_lake, layout_gridlike,
          nicolae_lair_grove_arrangements, kennysheep_rathole,
          lemuel_fruit_fields, infiniplex_staircase_pool_2
Lair:2:   nzn_winding_woodlands_three_and_one [nzn_winding_woodlands_5x15_pool,
          nzn_winding_woodlands_5x15_twine, nzn_winding_woodlands_5x15_cabin,
          nzn_winding_woodlands_center_pierced_h], layout_regular_city,
          minmay_shoals_entry_centaurs, nzn_masters_of_martial_movement
Lair:3:   layout_gridlike, spider_nest_entry_web_field
Lair:4:   layout_long_grid, st_stairs_9, chequers_serial_rivers_micro_c
Lair:5:   due_jungle_book, layout_misc_corridors, slime_entry_1,
          grunt_megastairs_4, uniq_nessos
Shoals:1: layout_shoals
Shoals:2: layout_shoals, uniq_nikola, uniq_polyphemus
Shoals:3: argonaut_golden_fleece, layout_shoals, serial_shops,
          nicolae_take_the_stairs, shop_coins, nicolae_shop_peninsula,
          uniq_jorgrun, uniq_donald
Shoals:4: shoals_end_hellmonk_holy_island, serial_shops
Slime:1:  layout_caves
Orc:1:    layout_diamond_mine, hellmonk_jugg_or_not
Orc:2:    st_orc_open, layout_caves, guppyfry_library_mini
Elf:1:    elf_arrival_001, layout_gridlike, nicolae_elf_shapeshifter_party,
          st_stairs_8, hangedman_elf_simple_split, minmay_shop_grove,
          grunt_megastairs_5, uniq_azrael

Skill      XL: |  1  2  3  4  5  6  7  8  9 10 11 12 13 14 15 16 17 18 19 |
---------------+----------------------------------------------------------+-----
Staves         | 3 4 5 6 9 12 13 14 16 | 16.5
Dodging        | 1 9 10 11 12 13 14 | 14.7
Fighting       | 4 6 8 9 11 12 14 | 14.3
Armour         | 4 5 7 8 10 11 12 14 | 14.5
Invocations    | 4 7 9 11 12 13 14 17 18 | 18.0
Shields        | 7 9 11 | 11.8
Evocations     | 4 5 |  5.6

Action                     |  1- 3 |  4- 6 |  7- 9 | 10-12 | 13-15 | 16-18 | 19-21 || total
---------------------------+-------+-------+-------+-------+-------+-------+-------++-------
  Melee: Quarterstaff      |    90 |   132 |   261 |   193 |       |       |       ||   676
         Unarmed           |       |       |       |    29 |       |       |       ||    29
         Lajatang          |       |       |       |   197 |  1054 |  1500 |   153 ||  2904
         Halberd           |       |       |       |       |    49 |       |       ||    49
         Demon trident     |       |       |       |       |       |    23 |       ||    23
Ability: Dig               |     1 |       |       |     2 |       |     5 |       ||     8
  Evoke: Wand              |       |       |       |     2 |       |       |     9 ||    11
         Lightning rod     |       |       |       |       |       |     2 |       ||     2
    Use: Potion            |     1 |       |     1 |     6 |     5 |     8 |    10 ||    31
         Scroll            |       |    10 |     5 |     8 |     8 |     7 |     2 ||    40
   Stab: Invisible         |       |       |       |       |     1 |     1 |       ||     2
         Petrifying        |       |       |       |       |       |     3 |       ||     3
         Petrified         |       |       |       |       |       |     2 |       ||     2
         Fleeing           |       |       |       |       |       |     1 |       ||     1
 Armour: Plate armour      |    68 |    99 |   177 |   158 |   331 |   559 |   113 ||  1505
         Scale mail        |     4 |       |       |       |       |       |       ||     4
         Skin              |    29 |       |       |    10 |       |       |     9 ||    48
  Dodge: Dodged            |    26 |    37 |    66 |   138 |   205 |   457 |    66 ||   995
  Block: Buckler           |    43 |    98 |   168 |   191 |    28 |       |       ||   528
         Reflection        |       |     1 |     6 |    23 |    22 |   122 |     8 ||   182
         Kite shield       |       |       |       |       |   631 |  1292 |   170 ||  2093
